 Dungeon Crawl Stone Soup version 0.29-a0-360-g8ed1089bbe (webtiles) character file.

Game seed: 512028327189979835

55 thiscave3701365 the Chopper (level 3, -1/33 HPs)
             Began as a Minotaur Berserker on Apr 28, 2022.
             Was a Follower of Trog.
             Slain by an adder (3 damage)
             ... on level 3 of the Dungeon.
             The game lasted 00:01:50 (1579 turns).

thiscave3701365 the Chopper (Minotaur Berserker)    Turns: 1579, Time: 00:01:50

Health: -1/33      AC:  8    Str: 23    XL:     3   Next: 67%
Magic:  2/2        EV:  8    Int:  4    God:    Trog [*.....]
Gold:   78         SH:  0    Dex:  9    Spells: 2/2 levels left

rFire   + . .      SeeInvis .   k - +0 triple crossbow
rCold   + . .      Faith    .   (shield currently unavailable)
rNeg    . . .      Spirit   .   f - +0 chain mail
rPois   +          Reflect  .   (helmet restricted)
rElec   +          Harm     .   (no cloak)
rCorr   +          Rampage  .   (no gloves)
Will    .....                   (no boots)
Stlth   ..........              (no amulet)
HPRegen 0.11/turn               (no ring)
MPRegen 0.08/turn               (no ring)

@: mighty, lethally poisoned (-1 -> -3), resistant
A: horns 2, retaliatory headbutt
a: Renounce Religion, Berserk


You were on level 3 of the Dungeon.
You worshipped Trog.
Trog was aware of your devotion.
You visited 1 branch of the dungeon, and saw 4 of its levels.

You collected 78 gold pieces.

Inventory:

Hand Weapons
 a - a +0 hand axe
 k - a +0 triple crossbow (weapon)
Armour
 b - a +0 animal skin
 f - a +0 chain mail (worn)
Scrolls
 d - a scroll of immolation {unknown}
 g - a scroll of fog {unknown}
 i - 3 scrolls of identify {unknown}
 n - a scroll of blinking {unknown}
 p - 2 scrolls of teleportation {unknown}
 q - a scroll of magic mapping {unknown}
Potions
 c - a potion of haste {unknown}
 e - a potion of lignification {unknown}
 h - a potion of resistance
 l - a potion of flight {unknown}
 m - a potion of curing {unknown}
 o - a potion of degeneration {unknown}


   Skills:
 - Level 4.1 Fighting
 - Level 4.2 Axes
 + Level 2.2 Crossbows
 - Level 2.6 Armour
 - Level 2.4 Dodging


You had 2 spell levels left.
You didn't know any spells.
Your spell library was empty.

Dungeon Overview and Level Annotations

Branches:
Dungeon (4/15)
 Temple: D:4-7

Altars:


Innate Abilities, Weirdness & Mutations

You have a pair of horns on your head.
You reflexively headbutt those who attack you in melee.


Message History

[Y]es or [N]o only, please.
Do you really want to go berserk while wielding your +0 triple crossbow?
Okay, then.
You are too injured to fight recklessly!
You are too injured to fight recklessly!
Shoot: k) +0 triple crossbow
Press: ? - help, Shift-Dir - straight line, f/p - adder
Aim: an adder (lightly wounded, 26% to hit)
You shoot a bolt. The bolt closely misses the adder.
You feel very sick. The adder bites you but does no damage.
The adder closely misses you. The adder barely misses you.
You furiously retaliate!
You headbutt the adder.
Shoot: k) +0 triple crossbow
Press: ? - help, Shift-Dir - straight line, f/p - adder
Aim: an adder (moderately wounded, 26% to hit)
You shoot a bolt. The bolt barely misses the adder.
You feel sick. The adder bites you but does no damage. The adder bites you.
The adder bites you but does no damage.
Shoot: k) +0 triple crossbow
Press: ? - help, Shift-Dir - straight line, f/p - adder
Aim: an adder (moderately wounded, 26% to hit)
You shoot a bolt. The bolt misses the adder.
You feel sick.
You are no longer poisoned.
The adder bites you.
* * * LOW HITPOINT WARNING * * *
You are poisoned.
The adder poisons you! The adder bites you but does no damage.
The adder barely misses you. You furiously retaliate!
You headbutt the adder, but do no damage.
The adder bites you.
* * * LOW HITPOINT WARNING * * *
It was a potion of resistance.
You feel protected.
* * * LOW HITPOINT WARNING * * *
You feel sick. The adder bites you but does no damage.
It was a potion of might.
You feel very mighty all of a sudden.
* * * LOW HITPOINT WARNING * * *
You feel sick. The adder bites you.
You die...

### #.##
##..#
#...#######
##.........#
#....#####.#
#@.### #.#
#S### ##.#
#S #..# ..
######.##
...
#.......#
#...
#.####..#
#... ###..#
#... #....#
#.##.#


You could see 2 adders.

Vanquished Creatures
  An adder (D:2)
  A worm (D:2)
  A dart slug (D:1)
  2 bats (D:1)
  3 endoplasms
  3 giant cockroaches
  8 goblins
  2 kobolds
  4 quokkas
  4 ball pythons
  2 frilled lizards (D:1)
  5 rats
36 creatures vanquished.

Notes
Turn   | Place    | Note
-------+----------+-------------------------------------------
     0 | D:1      | thiscave3701365 the Minotaur Berserker began the quest for
                  | the Orb.
     0 | D:1      | Reached XP level 1. HP: 19/19 MP: 0/0
   465 | D:1      | Reached XP level 2. HP: 27/27 MP: 1/1
  1224 | D:2      | Reached skill level 1 in Crossbows
  1224 | D:2      | Reached XP level 3. HP: 31/33 MP: 2/2
  1334 | D:2      | Found a faded altar of an unknown god.
  1510 | D:2      | You fall into a shaft and drop 2 floors!
  1579 | D:3      | Slain by an adder

Illustrated notes

Levels and vault maps discovered:
D:1:      saegor_arrival_simple_d, layout_basic, serial_bayou_pond_d
D:2:      layout_rooms, ebering_ecumenical_altar_webs, uniq_crazy_yiuf_cottage
D:3:      minmay_skewed_foursquare, layout_loops_cross, minmay_liquid_box,
          kennysheep_generic_room_10
D:4:      layout_layer_cave, nicolae_ossuary_entry_false_entrances, minivault_1,
          uniq_sigmund

Skill      XL: |  1  2  3 |
---------------+----------+-----
Fighting       | 4 |  4.1
Axes           | 4 |  4.2
Crossbows      | 1 2 |  2.2
Armour         | |  2.6
Dodging        | |  2.4

Action                   || total
-------------------------++-------
Melee: Hand axe          ||    51
       Headbutt          ||     4
       Punch             ||     1
 Fire: Triple crossbow   ||    50
Invok: Berserk           ||     2
  Use: Potion            ||     2
Armor: Animal skin       ||     2
       Chain mail        ||    51
Dodge: Dodged            ||    42

Table legend: (Time is in decaauts)
 A = Elapsed time spent in this place.
 B = Non-inter-level travel time spent in this place.
 C = Inter-level travel time spent in this place.
 D = Time resting spent in this place.
 E = Time spent auto-exploring this place.
 F = Levels seen in this place.
 G = Mean time per level.
                   A        B        C        D        E       F      G
               +--------+--------+--------+--------+--------+-----+--------+
         Total |   1677 |   1629 |     48 |     59 |   1251 |   4 |  419.2 |
       Dungeon |   1677 |   1629 |     48 |     59 |   1251 |   4 |  419.2 |
               +--------+--------+--------+--------+--------+-----+--------+

Top non-repeatable levels by time:
     D:1: 1232 daAuts
     D:2: 364 daAuts
     D:3: 49 daAuts
     D:4: 30 daAuts
